Map: [ESL] Ghost River

Players

ForJumy

  • Race: Protoss Protoss
  • Spawn Location: 1:00

Gerald - Winner!

  • Race: Protoss Protoss
  • Spawn Location: 11:00

Event: ESL SC2 Masters 2024 Spring (Regional)

VOD

Have the link to the VOD?

Description

Time

  • Played on: April 17, 2024, 2:36 p.m.
  • Length: 7:26

All games in this series

Show
View Real Time Build Order
Export as new Build Order

ForJumy Protoss 

Build Orders:  

Get SALT Encoding   

  12  0:00  Probe  
  13  0:13  Probe  
  14  0:25  Probe  
  15  0:34  Pylon  
  15  0:52  Gateway x2  
  15  0:56  Forge  
  15  1:07  Pylon  
  15  1:37  Zealot (Chrono Boost)  
  15  1:38  Zealot (Chrono Boost), Photon Cannon  
  15  1:39  Photon Cannon  
  19  1:46  Probe  
  20  1:50  Pylon  
  20  1:58  Probe  
  21  2:10  Cybernetics Core, Probe  
  21  2:14  Assimilator  
  22  2:18  Assimilator  
  22  2:22  Probe  
  23  2:34  Probe  
  24  2:46  Probe  
  25  2:53  Stalker  
  25  2:57  Shield Battery  
  27  3:00  Warp Gate (Chrono Boost)  
  27  3:04  Probe  
  28  3:07  Pylon  
  28  3:09  Stalker  
  30  3:18  Probe  
  29  3:31  Probe  
  29  3:43  Probe  
  28  3:50  Stalker  
  30  3:57  Probe  
  31  4:05  Robotics Facility  
  31  4:15  Stalker  
  31  4:34  Pylon  
  29  4:41  Stalker  
  31  4:49  Immortal (Chrono Boost)  
  35  4:54  Sentry  
  37  5:03  Gateway  
  37  5:10  Probe  
  38  5:18  Observer  
  38  5:22  Adept x2  
  38  5:26  Pylon  
  41  5:47  Stalker x2  
  33  6:05  Twilight Council  
  37  6:16  Zealot  
  39  6:28  Immortal (Chrono Boost)  
  39  6:30  Pylon  
  39  6:41  Pylon  
  37  6:52  Dark Shrine  
  31  6:55  Gateway  
  31  7:02  Stalker  
  31  7:04  Probe  
Show
View Real Time Build Order
Export as new Build Order

Gerald Protoss - Winner!

Build Orders: Blink Stalkers 

Get SALT Encoding   

  12  0:00  Probe  
  13  0:12  Probe  
  14  0:17  Pylon  
  14  0:24  Probe (Chrono Boost)  
  15  0:36  Gateway  
  15  0:37  Probe (Chrono Boost)  
  16  0:43  Probe (Chrono Boost)  
  16  0:45  Assimilator  
  17  0:51  Probe  
  17  0:55  Assimilator  
  18  1:04  Forge  
  18  1:08  Probe  
  19  1:17  Gateway  
  19  1:26  Cybernetics Core  
  20  1:38  Photon Cannon  
  20  1:47  Photon Cannon  
  19  1:49  Probe  
  20  2:00  Pylon  
  20  2:02  Stalker (Chrono Boost)  
  22  2:15  Probe  
  23  2:16  Pylon  
  23  2:22  Adept  
  25  2:30  Adept  
  25  2:34  Probe  
  28  2:46  Stargate  
  28  2:52  Warp Gate  
  28  2:55  Probe  
  29  3:03  Twilight Council  
  29  3:04  Stalker  
  31  3:20  Pylon  
  31  3:38  Probe  
  34  3:43  Blink (Chrono Boost)  
  34  3:45  Stalker  
  31  3:55  Gateway  
  31  4:01  Gateway  
  29  4:28  Stalker  
  29  4:39  Probe  
  29  4:42  Nexus  
  30  4:47  Pylon  
  30  4:49  Gateway  
  30  4:51  Probe  
  31  4:54  Sentry  
  33  5:03  Probe  
  33  5:06  Pylon  
  33  5:07  Stalker  
  36  5:10  Stalker  
  38  5:25  Stalker  
  38  5:28  Probe  
  41  5:30  Stalker  
  41  5:34  Stalker  
  45  5:45  Stalker  
  47  5:56  Nexus  
  44  6:00  Stalker  
  45  6:06  Pylon  
  45  6:14  Stalker  
  47  6:24  Probe  
  47  6:25  Pylon  
  48  6:36  Probe  
  49  6:45  Stalker  
  51  6:48  Probe  
  50  7:07  Stalker x3  
  52  7:23  Robotics Facility  
Tags
 
Add a new tag
Caveats
  • Supply blocks, unpowered buildings, or Contaminate may cause inaccurate times.
  • Supply counts are checked every 10 seconds.